 Dungeon Sprint DCSS version 0.28-a0-1429-gf3d713df7a (webtiles) character file.

Game seed: 7119077196471897855

52105 mhtbhm the Executioner (level 14, -5/158 HPs)
             Began as a Minotaur Fighter on Jan 8, 2022.
             Was a High Priest of Trog.
             Slain by Refew the pandemonium lord (26 damage)
             ... in the Dungeon (Sprint VII: "The Pits").
             The game lasted 00:16:57 (5592 turns).

mhtbhm the Executioner (Minotaur Fighter)           Turns: 5592, Time: 00:16:58

Health: -5/158     AC: 34    Str: 24    XL:     14   Next: 25%
Magic:  4/4        EV: 15    Int:  5    God:    Trog [*****.]
Gold:   18         SH: 16    Dex: 15    Spells: 13/13 levels left

rFire   x . .      SeeInvis +   E - +5 demon whip "Spellbinder" {antimagic, Will+}
rCold   + + +      Faith    .   c - +0 kite shield {reflect}
rNeg    . . .      Spirit   .   b - +7 ice dragon scales
rPois   +          Reflect  +   t - +2 hat {SInv}
rElec   .          Harm     .   u - +1 cloak
rCorr   .          Rampage  +   (no gloves)
Will    ++++.      NoTele   +   o - +0 pair of boots
Stlth   ..........              v - amulet "Uschoang" {RegenMP Rampage Fragile rPois Dex+3}
HPRegen 1.36/turn               m - +3 ring of protection
MPRegen 0.49/turn               s - ring of protection from cold

@: strong-willed, on berserk cooldown, regenerating, hasted and slowed
A: horns 2, retaliatory headbutt
a: Renounce Religion, Berserk, Trog's Hand, Brothers in Arms


You were in the Dungeon.
You worshipped Trog.
Trog was extremely pleased with you.
You visited 1 branch You collected 18 gold pieces.

Inventory:

Hand Weapons
 a - a +7 vorpal broad axe
 d - a +1 sacred scourge of holy wrath
 k - the +8 lance "Wyrmbane" {slay drac, rPois rF+ rC+ AC+3}
   (You found it in the Dungeon)

   It inflicts extra damage against dragons and draconians.
   AC:        It affects your AC (+3).
   rF:        It protects you from fire.
   rC:        It protects you from cold.
   rPois:     It protects you from poison.
 p - a +4 vorpal executioner's axe
 z - the +7 battleaxe of Elitism {vorpal, rPois rF- Will++ rCorr}
   (Trog gifted it to you in the Dungeon)

   It inflicts extra damage upon your enemies.
   rF:        It makes you vulnerable to fire.
   rPois:     It protects you from poison.
   rCorr:     It protects you from acid and corrosion.
   Will:      It greatly increases your willpower.
 C - a +4 broad axe of flaming
 E - the +5 demon whip "Spellbinder" (weapon) {antimagic, Will+}
   (You found it in the Dungeon)

   It reduces the magical energy of the wielder, and disrupts the spells and
   magical abilities of those it strikes.
   Natural abilities and divine invocations are not affected.
   It unleashes wild and unpredictable magical effects upon striking a wizard or
   a creature with magical abilities.
   Will:      It increases your willpower.
Missiles
 q - 7 javelins (quivered)
 B - 4 atropa-tipped darts
Armour
 b - +7 ice dragon scales (worn)
 c - a +0 kite shield of reflection (worn)
 o - a +0 pair of boots (worn)
 t - a +2 hat of see invisible (worn)
 u - a +1 cloak (worn)
 F - a +1 pair of boots
 G - a +1 pair of gloves
Jewellery
 m - a +3 ring of protection (left hand)
 r - a ring of poison resistance
 s - a ring of protection from cold (right hand)
 v - the amulet "Uschoang" (around neck) {RegenMP Rampage Fragile rPois Dex+3}
   (You found it in the Dungeon)

   [amulet of magic regeneration]

   It increases your rate of magic regeneration.
   Dex:       It affects your dexterity (+3).
   rPois:     It protects you from poison.
   Fragile:   It will be destroyed if unequipped.
   Rampage:   It bestows one free step when moving towards enemies.
Scrolls
 n - a scroll of magic mapping
 w - 7 scrolls of enchant weapon
 x - 2 scrolls of fog
 y - 2 scrolls of identify
Potions
 e - 2 potions of curing
 g - 2 potions of haste
 h - 4 potions of magic
 i - 3 potions of berserk rage
 H - 3 potions of lignification
Miscellaneous
 A - a phantom mirror (inert)
 D - a tin of tremorstones (1/2)


   Skills:
 + Level 23.6 Fighting
 + Level 25.5(26.3) Axes
 + Level 6.5(18.1) Maces & Flails
 + Level 9.1(19.0) Polearms
 + Level 21.7 Armour
 + Level 10.4 Dodging
 - Level 1.8 Stealth
 + Level 21.0 Shields
 + Level 3.6 Evocations


You had 13 spell levels left.
You didn't know any spells.
Your spell library was empty.

Dungeon Overview and Level Annotations

Branches:
Dungeon (1/1)

Altars:
Ashenzari
Cheibriados
Dithmenos
Elyvilon
Fedhas
Gozag
Hepliaklqana
Kikubaaqudgha
Makhleb
Nemelex Xobeh
Okawaru
Qazlal
Ru
Sif Muna
Trog
Uskayaw
Vehumet
Wu Jian
Xom
Yredelemnul
Zin
The Shining One
Beogh
Jiyva
Lugonu


Innate Abilities, Weirdness & Mutations

You have a pair of horns on your head.
You reflexively headbutt those who attack you in melee.


Message History

Okay, then.
Okay, then.
Okay, then.
As you read the scroll of identify, it crumbles to dust.
H - 3 potions of lignification Refew gestures at you.
The bolt of energy hits you!!
* * * LOW HITPOINT WARNING * * *
Unknown command.
You feel better. Refew gestures at you. You resist with almost no effort.
Okay, then.
Press: ? - help, v - describe, . - travel
Here: Refew The floor, spattered with blood.
Unknown command.
Your +1 sacred scourge of holy wrath stops glowing.
You feel magic leave you.
E - the +5 demon whip "Spellbinder" (weapon)
{antimagic, Will+} You rampage towards Refew!
You barely miss Refew. You block Refew's attack.
You whack Refew!
Refew's magic leaks into the air.
Refew is caught in a fiery explosion.
Refew resists.
Refew is lightly wounded.
You thrash Refew!!
Refew's magic leaks into the air.
Space warps crazily around Refew.
Refew is lightly wounded.
You block Refew's attack.
You barely miss Refew.
Refew is lightly wounded.
You barely miss Refew. You headbutt Refew, but do no damage.
Refew is lightly wounded.
Refew hits you but does no damage.
You hit Refew but do no damage.
Refew looks rather nauseous for a moment.
Refew is lightly wounded.
You barely miss Refew.
Refew is lightly wounded.
Refew hits you!!
You die...

D(. #e# #ยง# #9#
#D# #)# #+# #[#
#@# #&# #'# #)#
#'# #[# #[#
################'#
.................#


You could see Refew (anchored, magic disrupted).

Vanquished Creatures
  Mennas (D)
  A pandemonium lord (D)
  Margery (D)
  A bone dragon (D)
  A Brimstone Fiend (D)
  An Ice Fiend (D)
  A Hell Sentinel (D)
  Gastronok (D)
  Donald (D)
  A draconian monk (D)
  A ghost moth (D)
  A cacodemon (D)
  A stone giant (D)
  2 spriggan defenders (D)
  2 dire elephants (D)
  A minotaur (D)
  2 yellow draconians (D)
  A yaktaur captain (D)
  2 vault guards (D)
  An ice dragon (D)
  A naga warrior (D)
  Erica (D)
  A death knight (D)
  2 death yaks (D)
  A deep elf knight (D)
  A bog body (D)
  A sea snake (D)
  A swamp dragon (D)
  A deep troll (D)
  A lindwurm (D)
  3 harpies (D)
  5 orc knights (D)
  A wolf spider (D)
  An elephant (D)
  2 cyclopes (D)
  A manticore (D)
  A rust devil (D)
  A molten gargoyle (D)
  A guardian serpent (D)
  An unseen horror (D)
  A komodo dragon (D)
  A yaktaur (D)
  A demonic crawler (D)
  An ice devil (D)
  A tyrant leech (D)
  A wind drake (D)
  A tarantella (D)
  Grinder (D)
  6 blink frogs (D)
  A jumping spider (D)
  A flying skull (D)
  A spriggan (D)
  A spriggan (shapeshifter) (D)
  A ynoxinul (D)
  A wraith (D)
  3 yaks (D)
  A shadow (D)
  A basilisk (D)
  A redback (D)
  3 vampire mosquitoes (D)
  2 wargs (D)
  A water moccasin (D)
  A sky beast (D)
  2 ice beasts (D)
  An orc warrior (D)
  A swamp drake (D)
  A small abomination (D)
  5 wolves (D)
  2 bullfrogs (D)
  A phantom (D)
  A scorpion (D)
  3 killer bees (D)
  7 wights (D)
  2 crimson imps (D)
  A hound (D)
  An orc priest (D)
  An iron imp (D)
  3 orc wizards (D)
  3 gnolls (D)
  An adder (D)
  A white imp (D)
  2 adder skeletons (D)
  A worm (D)
  4 orcs (D)
  2 bats (D)
  A bat zombie (D)
  2 endoplasms (D)
  A giant cockroach (D)
  A goblin (D)
  A hobgoblin (D)
  A quokka (D)
  A ball python skeleton (D)
  A quokka zombie (D)
  A rat (D)
141 creatures vanquished.

Vanquished Creatures (collateral kills)
  A death cob (D)
  An orc warlord (D)
  A yaktaur captain (D)
  A boulder beetle (D)
  An iron troll (D)
  A swamp dragon (D)
  A harpy (D)
  2 orc knights (D)
  2 elephants (D)
  A tyrant leech (D)
  A tarantella (D)
  An air elemental (D)
  A basilisk (D)
  A fire elemental (D)
  A vampire mosquito (D)
  A bat skeleton (D)
18 creatures vanquished.

Vanquished Creatures (others)
  An orc warlord (D)
  A naga warrior (D)
  A deep elf knight (D)
  3 orc knights (D)
  A necromancer (D)
  2 yaktaurs (D)
  A neqoxec (D)
  A steam dragon (D)
  Crazy Yiuf (D)
  An adder zombie (D)
  A giant cockroach (D)
14 creatures vanquished.

Grand Total: 173 creatures vanquished

Notes
Turn   | Place    | Note
-------+----------+-------------------------------------------
     0 | D        | mhtbhm the Minotaur Fighter began the quest for the Orb.
     0 | D        | Reached XP level 1. HP: 19/19 MP: 0/0
    19 | D        | Found a bloodstained altar of Trog.
    19 | D        | Found a shimmering blue altar of Sif Muna.
    19 | D        | Found a viscous altar of Jiyva.
    19 | D        | Found a hazy altar of Hepliaklqana.
    19 | D        | Found an opulent altar of Gozag.
    20 | D        | Found a glowing golden altar of the Shining One.
    20 | D        | Found a glowing silver altar of Zin.
    20 | D        | Found a basalt altar of Yredelemnul.
    20 | D        | Found a shimmering altar of Xom.
    20 | D        | Found an ornate altar of the Wu Jian Council.
    20 | D        | Found a sacrificial altar of Ru.
    20 | D        | Found a stormy altar of Qazlal.
    20 | D        | Found an iron altar of Okawaru.
    20 | D        | Found a sparkling altar of Nemelex Xobeh.
    20 | D        | Found a burning altar of Makhleb.
    20 | D        | Found a blossoming altar of Fedhas.
    20 | D        | Found a white marble altar of Elyvilon.
    20 | D        | Found a shadowy altar of Dithmenos.
    20 | D        | Found a snail-covered altar of Cheibriados.
    22 | D        | Found a radiant altar of Vehumet.
    22 | D        | Found a corrupted altar of Lugonu.
    24 | D        | Became a worshipper of Trog the Wrathful
    89 | D        | Reached * piety under Trog
    90 | D        | Reached XP level 2. HP: 26/28 MP: 1/1
    92 | D        | Reached skill level 5 in Fighting
    92 | D        | Reached skill level 5 in Armour
    92 | D        | Reached skill level 5 in Shields
   114 | D        | Noticed a sky beast
   124 | D        | Killed a sky beast
   124 | D        | Reached ** piety under Trog
   125 | D        | Reached skill level 1 in Axes
   125 | D        | Reached skill level 1 in Dodging
   125 | D        | Reached XP level 3. HP: 16/38 MP: 2/2
   125 | D        | Reached XP level 4. HP: 19/45 MP: 3/3
   369 | D        | Noticed an ice beast
   370 | D        | Noticed a bullfrog
   370 | D        | Noticed a water moccasin
   371 | D        | Noticed a wolf
   380 | D        | Killed an ice beast
   381 | D        | Reached skill level 2 in Axes
   381 | D        | Reached XP level 5. HP: 53/53 MP: 4/4
   384 | D        | Killed a water moccasin
   384 | D        | Reached *** piety under Trog
   385 | D        | Reached skill level 3 in Axes
   385 | D        | Reached skill level 5 in Polearms
   385 | D        | Reached XP level 6. HP: 63/63 MP: 5/5
   388 | D        | Reached skill level 4 in Axes
   390 | D        | Reached skill level 5 in Axes
   394 | D        | Reached skill level 10 in Armour
   475 | D        | Reached **** piety under Trog
   476 | D        | Reached skill level 10 in Fighting
   476 | D        | Reached XP level 7. HP: 72/72 MP: 6/6
   478 | D        | Noticed a shadow
   496 | D        | Killed a shadow
   497 | D        | Reached skill level 6 in Axes
   497 | D        | Reached skill level 10 in Shields
   664 | D        | Noticed Grinder
   674 | D        | Reached skill level 7 in Axes
   684 | D        | Reached ***** piety under Trog
   684 | D        | Paralysed by Grinder for 5 turns
   693 | D        | Killed Grinder
   694 | D        | Reached skill level 8 in Axes
   694 | D        | Reached XP level 8. HP: 48/82 MP: 7/7
   863 | D        | Received a gift from Trog
   864 | D        | Reached skill level 9 in Axes
   979 | D        | Found a hide-covered altar of Uskayaw.
   979 | D        | Found an ancient bone altar of Kikubaaqudgha.
   979 | D        | Found a broken altar of Ashenzari.
  1013 | D        | Noticed a komodo dragon
  1025 | D        | Killed a komodo dragon
  1026 | D        | Reached skill level 10 in Axes
  1200 | D        | Noticed a manticore
  1202 | D        | Received a gift from Trog
  1203 | D        | Reached skill level 11 in Axes
  1206 | D        | Reached skill level 5 in Dodging
  1206 | D        | Reached XP level 9. HP: 83/91 MP: 8/8
  1215 | D        | Killed a manticore
  1216 | D        | Reached skill level 12 in Axes
  1371 | D        | Noticed a guardian serpent
  1371 | D        | Noticed a death yak
  1377 | D        | Killed a death yak
  1378 | D        | Reached skill level 13 in Axes
  1381 | D        | Killed a guardian serpent
  1418 | D        | Killed an unseen horror
  1626 | D        | Noticed a death yak
  1633 | D        | Killed a death yak
  1633 | D        | Reached ****** piety under Trog
  1634 | D        | Reached skill level 14 in Axes
  1634 | D        | Reached XP level 10. HP: 69/102 MP: 9/9
  1640 | D        | Reached skill level 15 in Axes
  1768 | D        | Received a gift from Trog
  1772 | D        | Reached skill level 1 in Stealth
  1774 | D        | Noticed a bog body
  1780 | D        | Killed a bog body
  1781 | D        | Reached skill level 15 in Armour
  1793 | D        | Received a gift from Trog
  1797 | D        | Reached skill level 16 in Axes
  1898 | D        | Noticed a deep troll
  1898 | D        | Noticed a necromancer
  1903 | D        | Killed a deep troll
  1909 | D        | Reached skill level 15 in Fighting
  1909 | D        | Received a gift from Trog
  1911 | D        | Killed a necromancer
  1912 | D        | Reached skill level 17 in Axes
  1922 | D        | Received a gift from Trog
  2019 | D        | Noticed a lindwurm
  2019 | D        | Noticed Crazy Yiuf
  2063 | D        | Noticed a swamp dragon
  2065 | D        | Noticed a minotaur
  2073 | D        | Killed Crazy Yiuf
  2076 | D        | Killed a swamp dragon
  2077 | D        | Reached XP level 11. HP: 99/113 MP: 10/10
  2081 | D        | Killed a minotaur
  2081 | D        | Received a gift from Trog
  2083 | D        | Reached skill level 18 in Axes
  2097 | D        | Killed a lindwurm
  2098 | D        | Received a gift from Trog
  2276 | D        | Got the amulet "Uschoang" {RegenMP Rampage Fragile rPois
                  | Dex+3}
  2339 | D        | Acquired a manual of Axes
  2419 | D        | Noticed Gastronok
  2430 | D        | Killed Gastronok
  2431 | D        | Reached skill level 19 in Axes
  2448 | D        | Reached skill level 20 in Axes
  2618 | D        | Noticed a dire elephant
  2629 | D        | Killed a dire elephant
  2629 | D        | Identified the +7 battleaxe of Elitism {vorpal, rPois rF-
                  | Will++ rCorr} (Trog gifted it to you in the Dungeon)
  2629 | D        | Received a gift from Trog
  2919 | D        | Received a gift from Trog
  2920 | D        | Reached skill level 21 in Axes
  2929 | D        | Noticed Donald
  2943 | D        | Killed Donald
  3236 | D        | Noticed an iron troll
  3236 | D        | Noticed a cacodemon
  3236 | D        | Noticed an ice dragon
  3236 | D        | Paralysed by an air elemental for 1 turns
  3238 | D        | Paralysed by an air elemental for 1 turns
  3241 | D        | Paralysed by an air elemental for 1 turns
  3242 | D        | Received a gift from Trog
  3246 | D        | Reached skill level 22 in Axes
  3249 | D        | Killed a cacodemon
  3251 | D        | Killed an iron troll
  3252 | D        | Reached XP level 12. HP: 85/127 MP: 11/11
  3265 | D        | Killed an ice dragon
  3505 | D        | Noticed a boulder beetle
  3505 | D        | Noticed a yellow draconian
  3506 | D        | Noticed a bone dragon
  3509 | D        | Received a gift from Trog
  3520 | D        | Killed a bone dragon
  3520 | D        | Killed a yellow draconian
  3521 | D        | Reached skill level 15 in Shields
  3531 | D        | Noticed a death cob
  3532 | D        | Reached skill level 23 in Axes
  3544 | D        | Killed a death cob
  3544 | D        | Received a gift from Trog
  3550 | D        | Received a gift from Trog
  3551 | D        | Killed a boulder beetle
  3554 | D        | Noticed a dire elephant
  3568 | D        | Killed a dire elephant
  3570 | D        | Received a gift from Trog
  3572 | D        | Noticed Erica
  3584 | D        | Killed Erica
  3594 | D        | Received a gift from Trog
  3595 | D        | Reached XP level 13. HP: 65/139 MP: 12/12
  3960 | D        | Noticed a green draconian monk
  3972 | D        | Killed a green draconian monk
  4094 | D        | Noticed a yellow draconian
  4098 | D        | Killed a yellow draconian
  4155 | D        | Noticed a Hell Sentinel
  4166 | D        | Killed a Hell Sentinel
  4167 | D        | Reached skill level 24 in Axes
  4393 | D        | Noticed a ghost moth
  4394 | D        | Noticed an orc warlord
  4394 | D        | Noticed an orc warlord
  4397 | D        | Killed a ghost moth
  4407 | D        | Received a gift from Trog
  4410 | D        | Noticed a stone giant
  4420 | D        | Killed an orc warlord
  4423 | D        | Killed an orc warlord
  4424 | D        | Reached skill level 1 in Evocations
  4431 | D        | Received a gift from Trog
  4443 | D        | Killed a stone giant
  4445 | D        | Received a gift from Trog
  4446 | D        | Reached skill level 25 in Axes
  4615 | D        | Found the +5 demon whip "Spellbinder" {antimagic, Will+}
  4615 | D        | Found the +8 lance "Wyrmbane" {slay drac, rPois rF+ rC+
                  | AC+3}
  4928 | D        | Noticed Margery
  4944 | D        | Killed Margery
  5120 | D        | Noticed Yclatir the pandemonium lord
  5140 | D        | Killed Yclatir the pandemonium lord
  5141 | D        | Reached XP level 14. HP: 155/155 MP: 13/13
  5232 | D        | Noticed Mennas
  5307 | D        | Killed Mennas
  5308 | D        | Reached skill level 10 in Dodging
  5542 | D        | Noticed a spriggan defender
  5542 | D        | Noticed Refew the pandemonium lord
  5542 | D        | Noticed a spriggan defender
  5542 | D        | Noticed an Ice Fiend
  5542 | D        | Noticed a war gargoyle
  5542 | D        | Noticed a Brimstone Fiend
  5546 | D        | Noticed an iron dragon
  5562 | D        | Killed a Brimstone Fiend
  5563 | D        | Noticed an iron dragon
  5566 | D        | Killed an Ice Fiend
  5567 | D        | Reached skill level 5 in Maces & Flails
  5570 | D        | HP: 3/157 [deep elf high priest/divine providence (12)]
  5574 | D        | Killed a spriggan defender
  5574 | D        | Killed a spriggan defender
  5583 | D        | HP: 3/158 [disintegration (27)]
  5592 | D        | Slain by Refew the pandemonium lord

Illustrated notes

Levels and vault maps discovered:
D:        pitsprint [storerooms_1, entrance_room_1, metal_vault_2, armoury_1,
          mini_pit_1, grid_room_1, main_hall_1, silver_pit, the_coven_3,
          the_vestibule_1, steel_vault_4, golden_pit, hallway_of_sentries,
          crystal_vault_1, iron_vault_2, final_vault]

Skill      XL: |  1  2  3  4  5  6  7  8  9 10 11 12 13 14 |
---------------+-------------------------------------------+-----
Fighting       | 4 6 8 9 10 11 12 13 15 18 20 22 23 | 23.6
Armour         | 4 7 8 9 10 11 12 14 15 18 20 21 | 21.7
Shields        | 4 7 8 9 10 11 12 13 14 17 20 21 | 21.0
Polearms       | 4 5 6 7 9 |  9.1
Axes           | 1 2 3 5 8 11 14 17 22 23 25 | 25.5
Dodging        | 1 2 3 4 5 6 7 8 9 10 | 10.4
Stealth        | 1 |  1.8
Evocations     | 2 3 |  3.6
Maces & Flails | 6 |  6.5

Action                   |  1- 3 |  4- 6 |  7- 9 | 10-12 | 13-15 || total
-------------------------+-------+-------+-------+-------+-------++-------
Melee: Hand axe          |    21 |    27 |    56 |       |       ||   104
       Trident           |     2 |       |       |       |       ||     2
       Headbutt          |     1 |     4 |    22 |    45 |    32 ||   104
       Broad axe         |       |       |    41 |   228 |    64 ||   333
       Lance             |       |       |       |       |    30 ||    30
       Demon whip        |       |       |       |       |    63 ||    63
       Sacred scourge    |       |       |       |       |    13 ||    13
Invok: Berserk           |     1 |       |       |     3 |     4 ||     8
       Brothers in Arms  |       |       |       |     3 |     5 ||     8
       Trog's Hand       |       |       |       |       |     3 ||     3
Evoke: Tin of tremorston |       |       |       |       |     7 ||     7
       Phantom mirror    |       |       |       |       |     6 ||     6
  Use: Potion            |       |     1 |     1 |     6 |    24 ||    32
       Scroll            |       |       |       |     2 |     3 ||     5
 Stab: Confused          |       |       |       |     4 |       ||     4
       Invisible         |       |       |       |       |    20 ||    20
       Distracted        |       |       |       |       |     2 ||     2
Armor: Scale mail        |    12 |       |       |       |       ||    12
       Chain mail        |       |    23 |    75 |   128 |    30 ||   256
       Ice dragon scales |       |       |       |       |    41 ||    41
Dodge: Dodged            |    15 |    11 |    28 |   108 |    41 ||   203
Block: Buckler           |     6 |     9 |    38 |    34 |       ||    87
       Kite shield       |       |       |       |    72 |    74 ||   146
       Reflection        |       |       |       |       |     4 ||     4

Table legend: (Time is in decaauts)
 A = Elapsed time spent in this place.
 B = Non-inter-level travel time spent in this place.
 C = Inter-level travel time spent in this place.
 D = Time resting spent in this place.
 E = Time spent auto-exploring this place.
 F = Levels seen in this place.
 G = Mean time per level.
                   A        B        C        D        E       F      G
               +--------+--------+--------+--------+--------+-----+--------+
         Total |   5553 |   5553 |      0 |   3202 |    255 |   1 | 5553.0 |
       Dungeon |   5553 |   5553 |      0 |   3202 |    255 |   1 | 5553.0 |
               +--------+--------+--------+--------+--------+-----+--------+

Top non-repeatable levels by time:
       D: 5553 daAuts
